AoeStats
← 888

Black Forest

508199014Analyzed
4v4 RM · 11d ago on Sep 21, 2026· 25m 57s· 8 players
Game mode
Random Map
Map size
Large (8 player)
Population
200
Speed
Normal
Resources
Standard
Victory
Conquest
Starting age
Dark Age
Ending age
Imperial Age
RankedLock teamsTeams togetherTeam positionsShared explorationLock speedFull tech treeHidden civsTurbo modeCheats
Victory
Defeat
🇨🇳 Chinese · China
1321
+15
🇨🇳 Teutons · China
1309
+15
🇨🇳 Mongols · China
1301
+16
🇨🇳 Persians · China
1277
+17
🇨🇭 Malay · Switzerland
1358
-19
🇮🇳 Saracens · India
1312
-16
🇹🇼 Poles · Taiwan
1263
-14
🇫🇷 Persians · France
1257
-14
1768193321
0:56 Loom
15:41 Feudal Age
20:47 Fletching
22:22 Double-Bit Axe
23:33 Fishing Lines
26:47 Castle Age
25:20 Horse Collar
Gimme pocket or quit
11:58 Feudal Age
15:53 Castle Age
14:21 Double-Bit Axe
14:39 Fishing Lines
17:01 Bow Saw
18:41 Horse Collar
18:55 Gillnets
23:12 Wheelbarrow
22:23 Loom
25:43 Hand Cart
mia
0:39 Loom
11:14 Feudal Age
很蓝的啦
3:03 Loom
10:30 Feudal Age
11:04 Double-Bit Axe
11:00 Horse Collar
15:59 Bloodlines
16:08 Gold Mining
17:20 Town Watch
18:59 Scale Barding Armor
21:49 Castle Age
21:04 Forging
22:11 Light Cavalry
22:52 Husbandry
23:59 Chain Barding Armor
moneyfusion06
6:38 Loom
11:58 Feudal Age
15:47 Castle Age
14:15 Double-Bit Axe
16:58 Bow Saw
17:41 Wheelbarrow
20:55 Horse Collar
22:00 Fishing Lines
23:22 Heavy Plow
25:12 Gillnets
cha0300775
1:00 Loom
888
7:16 Loom
12:27 Feudal Age
16:19 Castle Age
14:22 Horse Collar
17:15 Heavy Plow
17:04 Double-Bit Axe
Sun Tzu 1337
0:47 Loom
16:12 Feudal Age
Connection lost

Rejoining the realm…

Still unreachable

The connection could not be restored.

Session expired

The server has moved on; the page needs a fresh start.